[ AOE2 MATCH · #495965265 ]
UnrankedKhitans vs Goths
Player's team · WIN
Rival team · LOSS
[ REPLAY ANALYSIS · EXTRACTED FROM THE RECORDED GAME ]
Feudal
8:52
Castle
21:51
Imperial
33:41
| APM avg | 52.4 |
| APM peak | 97 |
| eAPM avg | 31.7 |
| Villagers / military | 180 / 327 |
Focus
⚔️ 47.9% · 🌾 52.1%
Fire Lancer ×156 · Scout Cavalry ×124 · Archer ×17 · Battering Ram ×11 · Monk ×10 · Iron Pagoda ×3
Feudal
9:18
Castle
21:42
Imperial
37:15
| APM avg | 61.3 |
| APM peak | 87 |
| eAPM avg | 34.3 |
| Villagers / military | 203 / 238 |
Focus
⚔️ 41.0% · 🌾 59.0%
Spearman ×87 · Cavalry Archer ×47 · Huskarl ×36 · Archer ×30 · Knight ×11 · Skirmisher ×6
Match map
Initial resources + every placement click. Lines = walls · curves = elevation contours. ◆ gold · ⬟ stone · ● berries · ✦ relic · ◌ wall gap
Your base· Open — opponent sealed themselves in
manteldon's base· ✓ Closed at 21:42 · 32t walls · no gate
Smoothed initial terrain · ◌ = detected wall gap · hover for details
Inputs per minute
— OSO_CT - - manteldon
Build order — OSO_CT
First 150 of 685 actions detected
| 0:00 | Create | Villager (Male) |
| 0:00 | Create | Villager (Male) |
| 0:01 | Create | Villager (Male) |
| 0:01 | Create | Villager (Male) |
| 0:02 | Build | House |
| 0:03 | Build | House |
| 1:24 | Create | Villager (Male) |
| 1:56 | Build | Lumber Camp |
| 2:00 | Create | Villager (Male) |
| 2:21 | Create | Villager (Male) |
| 2:49 | Create | Villager (Male) |
| 3:06 | Create | Villager (Male) |
| 3:45 | Create | Villager (Male) |
| 3:50 | Build | House |
| 4:07 | Create | Villager (Male) |
| 4:29 | Create | Villager (Male) |
| 4:30 | Create | Villager (Male) |
| 4:57 | Create | Villager (Male) |
| 5:19 | Build | Mill |
| 5:26 | Create | Villager (Male) |
| 5:29 | Research | Loom |
| 6:42 | Research | Feudal Age |
| 7:34 | Build | Palisade Wall |
| 7:35 | Build | Palisade Wall |
| 7:37 | Build | Palisade Wall |
| 7:45 | Build | House |
| 7:46 | Build | Palisade Wall |
| 7:53 | Build | Barracks |
| 7:58 | Create | Villager (Male) |
| 8:13 | Build | Palisade Wall |
| 8:14 | Build | Palisade Wall |
| 8:52 | Age | Feudal Age |
| 8:59 | Build | Palisade Wall |
| 9:00 | Build | Palisade Wall |
| 9:04 | Create | Villager (Male) |
| 9:07 | Build | Archery Range |
| 9:12 | Create | Villager (Male) |
| 9:21 | Build | Mining Camp |
| 9:28 | Create | Spearman |
| 9:40 | Build | House |
| 9:42 | Build | Palisade Wall |
| 9:46 | Create | Villager (Male) |
| 9:50 | Create | Villager (Male) |
| 9:56 | Build | Palisade Wall |
| 9:57 | Build | Palisade Wall |
| 9:57 | Build | Palisade Wall |
| 9:58 | Build | Palisade Wall |
| 10:01 | Create | Archer |
| 10:03 | Build | Palisade Wall |
| 10:05 | Build | Palisade Wall |
| 10:07 | Build | Palisade Wall |
| 10:09 | Build | Palisade Wall |
| 10:10 | Build | Palisade Wall |
| 10:21 | Build | Palisade Wall |
| 10:28 | Create | Villager (Male) |
| 10:38 | Build | House |
| 10:40 | Build | Palisade Wall |
| 10:42 | Build | Palisade Wall |
| 11:04 | Create | Villager (Male) |
| 11:05 | Create | Archer |
| 11:28 | Build | Pasture |
| 11:32 | Create | Villager (Male) |
| 11:33 | Create | Villager (Male) |
| 11:52 | Build | Pasture |
| 11:55 | Build | Pasture |
| 12:06 | Create | Archer |
| 12:07 | Create | Villager (Male) |
| 12:14 | Build | House |
| 12:25 | Create | Villager (Male) |
| 12:33 | Build | House |
| 12:34 | Build | Palisade Wall |
| 12:37 | Create | Archer |
| 12:38 | Create | Villager (Male) |
| 12:41 | Build | House |
| 12:46 | Research | Double-Bit Axe |
| 13:08 | Create | Archer |
| 13:09 | Create | Villager (Male) |
| 13:25 | Build | Pasture |
| 13:41 | Create | Skirmisher |
| 13:47 | Create | Villager (Male) |
| 13:53 | Build | Stable |
| 14:16 | Build | Pasture |
| 14:25 | Create | Villager (Male) |
| 14:29 | Create | Archer |
| 14:40 | Build | House |
| 14:50 | Create | Scout Cavalry |
| 14:50 | Create | Scout Cavalry |
| 14:57 | Build | Pasture |
| 15:02 | Build | Palisade Wall |
| 15:05 | Create | Villager (Male) |
| 15:16 | Create | Villager (Male) |
| 15:20 | Build | Pasture |
| 15:23 | Build | House |
| 15:23 | Build | Palisade Wall |
| 15:27 | Create | Villager (Male) |
| 15:40 | Create | Villager (Male) |
| 15:48 | Build | Palisade Wall |
| 15:51 | Create | Archer |
| 16:01 | Build | Pasture |
| 16:04 | Create | Villager (Male) |
| 16:31 | Create | Villager (Male) |
| 16:37 | Build | Pasture |
| 16:54 | Create | Villager (Male) |
| 16:59 | Build | Palisade Wall |
| 17:12 | Build | Pasture |
| 17:24 | Create | Archer |
| 17:31 | Create | Scout Cavalry |
| 17:33 | Build | Pasture |
| 17:40 | Build | House |
| 17:41 | Build | Palisade Wall |
| 17:48 | Create | Villager (Male) |
| 18:03 | Create | Villager (Male) |
| 18:07 | Build | Blacksmith |
| 18:27 | Build | Pasture |
| 19:03 | Build | House |
| 19:11 | Research | Castle Age |
| 19:21 | Create | Archer |
| 19:26 | Research | Fletching |
| 19:42 | Research | Tech 1014 |
| 20:06 | Create | Archer |
| 20:22 | Create | Archer |
| 20:43 | Create | Archer |
| 20:47 | Research | Gold Mining |
| 21:01 | Create | Scout Cavalry |
| 21:43 | Create | Villager (Male) |
| 21:51 | Age | Castle Age |
| 21:52 | Research | Crossbowman (upgrade) |
| 21:52 | Research | Bodkin Arrow |
| 21:53 | Create | Villager (Male) |
| 21:53 | Create | Villager (Male) |
| 21:59 | Build | Town Center |
| 22:08 | Create | Archer |
| 22:09 | Create | Steppe Lancer |
| 22:27 | Create | Archer |
| 22:33 | Create | Villager (Male) |
| 22:37 | Build | Siege Workshop |
| 22:41 | Create | Villager (Male) |
| 22:43 | Build | House |
| 22:46 | Create | Villager (Male) |
| 22:51 | Create | Villager (Male) |
| 22:55 | Research | Bow Saw |
| 22:55 | Research | Bow Saw |
| 22:59 | Create | Villager (Male) |
| 23:10 | Create | Villager (Male) |
| 23:14 | Research | Wheelbarrow |
| 23:16 | Research | Town Watch |
| 23:22 | Create | Villager (Male) |
| 23:23 | Create | Villager (Male) |
| 23:38 | Create | Villager (Male) |
| 23:49 | Create | Villager (Male) |
Build order — manteldon
First 150 of 638 actions detected
| 0:01 | Create | Villager (Male) |
| 0:01 | Create | Villager (Male) |
| 0:02 | Create | Villager (Male) |
| 0:02 | Create | Villager (Male) |
| 0:02 | Create | Villager (Male) |
| 0:03 | Build | House |
| 0:04 | Build | House |
| 1:29 | Create | Villager (Male) |
| 1:51 | Build | Lumber Camp |
| 2:00 | Create | Villager (Male) |
| 2:00 | Create | Villager (Male) |
| 2:15 | Create | Villager (Male) |
| 2:38 | Create | Villager (Male) |
| 3:05 | Create | Villager (Male) |
| 3:35 | Create | Villager (Male) |
| 3:35 | Create | Villager (Male) |
| 3:53 | Build | House |
| 4:01 | Create | Villager (Male) |
| 4:01 | Create | Villager (Male) |
| 4:17 | Build | Mill |
| 4:55 | Create | Villager (Male) |
| 4:55 | Create | Villager (Male) |
| 5:10 | Create | Villager (Male) |
| 5:19 | Build | House |
| 5:30 | Create | Villager (Male) |
| 6:27 | Create | Villager (Male) |
| 6:27 | Research | Loom |
| 7:02 | Research | Feudal Age |
| 7:10 | Build | Barracks |
| 7:49 | Create | Militia |
| 7:49 | Create | Militia |
| 7:49 | Create | Militia |
| 8:04 | Build | Mining Camp |
| 8:33 | Build | House |
| 8:44 | Create | Militia |
| 8:55 | Create | Villager (Male) |
| 9:18 | Age | Feudal Age |
| 9:18 | Create | Villager (Male) |
| 9:22 | Research | Man-at-Arms (upgrade) |
| 9:32 | Build | Archery Range |
| 9:36 | Create | Spearman |
| 9:48 | Create | Villager (Male) |
| 10:00 | Build | Mill |
| 10:15 | Build | House |
| 10:39 | Create | Villager (Male) |
| 10:44 | Create | Archer |
| 11:10 | Create | Villager (Male) |
| 11:19 | Create | Villager (Male) |
| 11:28 | Create | Villager (Male) |
| 11:28 | Create | Villager (Male) |
| 11:31 | Build | Farm |
| 11:32 | Build | Farm |
| 11:34 | Build | House |
| 11:37 | Build | Palisade Wall |
| 11:37 | Build | Palisade Wall |
| 11:43 | Create | Skirmisher |
| 11:53 | Build | Farm |
| 11:54 | Build | Farm |
| 12:06 | Create | Skirmisher |
| 12:21 | Create | Archer |
| 12:30 | Build | Farm |
| 12:31 | Create | Villager (Male) |
| 12:34 | Research | Double-Bit Axe |
| 12:34 | Research | Double-Bit Axe |
| 12:38 | Build | Palisade Wall |
| 12:41 | Build | House |
| 12:55 | Create | Archer |
| 13:03 | Create | Villager (Male) |
| 13:12 | Build | House |
| 13:13 | Build | Palisade Wall |
| 13:24 | Create | Skirmisher |
| 13:45 | Create | Skirmisher |
| 13:45 | Create | Villager (Male) |
| 13:48 | Build | Farm |
| 13:49 | Create | Villager (Male) |
| 14:08 | Build | Farm |
| 14:09 | Build | Farm |
| 14:16 | Create | Spearman |
| 14:20 | Create | Villager (Male) |
| 14:34 | Build | House |
| 14:34 | Build | Palisade Wall |
| 14:36 | Build | Palisade Wall |
| 14:46 | Build | Palisade Wall |
| 14:47 | Build | House |
| 14:53 | Create | Villager (Male) |
| 15:01 | Create | Archer |
| 15:14 | Build | Blacksmith |
| 15:27 | Build | House |
| 15:37 | Create | Villager (Male) |
| 15:38 | Create | Villager (Male) |
| 15:39 | Create | Villager (Male) |
| 15:57 | Research | Fletching |
| 15:57 | Research | Fletching |
| 15:59 | Build | House |
| 15:59 | Build | Palisade Wall |
| 16:01 | Create | Villager (Male) |
| 16:02 | Build | Farm |
| 16:02 | Create | Villager (Male) |
| 16:19 | Create | Archer |
| 16:52 | Build | Farm |
| 16:52 | Create | Villager (Male) |
| 17:07 | Create | Villager (Male) |
| 17:12 | Build | Farm |
| 17:16 | Build | Farm |
| 17:16 | Build | Farm |
| 17:18 | Create | Villager (Male) |
| 17:24 | Create | Skirmisher |
| 17:32 | Create | Spearman |
| 17:36 | Build | Farm |
| 17:37 | Build | Farm |
| 17:38 | Research | Horse Collar |
| 17:38 | Research | Horse Collar |
| 17:42 | Build | Farm |
| 17:47 | Build | Farm |
| 17:49 | Create | Villager (Male) |
| 17:59 | Create | Skirmisher |
| 18:13 | Build | Farm |
| 18:18 | Build | Farm |
| 18:27 | Build | Farm |
| 18:37 | Build | Palisade Wall |
| 19:02 | Research | Castle Age |
| 19:02 | Research | Castle Age |
| 19:15 | Create | Archer |
| 19:26 | Create | Archer |
| 19:34 | Research | Padded Archer Armor |
| 19:35 | Research | Padded Archer Armor |
| 19:38 | Build | Stable |
| 20:19 | Create | Archer |
| 20:23 | Build | Archery Range |
| 21:01 | Create | Archer |
| 21:07 | Build | Farm |
| 21:12 | Create | Archer |
| 21:16 | Research | Gold Mining |
| 21:16 | Research | Gold Mining |
| 21:38 | Create | Villager (Male) |
| 21:38 | Create | Villager (Male) |
| 21:42 | Age | Castle Age |
| 21:42 | Research | Crossbowman (upgrade) |
| 21:43 | Research | Crossbowman (upgrade) |
| 21:49 | Research | Bodkin Arrow |
| 21:49 | Research | Bodkin Arrow |
| 21:49 | Research | Bodkin Arrow |
| 21:58 | Create | Villager (Male) |
| 22:11 | Build | Town Center |
| 22:27 | Create | Archer |
| 22:28 | Create | Archer |
| 22:36 | Create | Villager (Male) |
| 22:38 | Create | Villager (Male) |
| 22:44 | Research | Bow Saw |
| 22:45 | Research | Bow Saw |
Match timeline
| 7:10 | manteldon · first_building Barracks |
| 7:34 | OSO_CT · wall_segment Palisade Wall x1 |
| 7:35 | OSO_CT · wall_segment Palisade Wall x1 |
| 7:37 | OSO_CT · wall_segment Palisade Wall x1 |
| 7:46 | OSO_CT · wall_segment Palisade Wall x1 |
| 7:53 | OSO_CT · first_building Barracks |
| 8:13 | OSO_CT · wall_segment Palisade Wall x1 |
| 8:14 | OSO_CT · wall_segment Palisade Wall x1 |
| 8:52 | OSO_CT · age_up feudal |
| 8:59 | OSO_CT · wall_segment Palisade Wall x1 |
| 9:00 | OSO_CT · wall_segment Palisade Wall x1 |
| 9:07 | OSO_CT · first_building Archery Range |
| 9:18 | manteldon · age_up feudal |
| 9:32 | manteldon · first_building Archery Range |
| 9:42 | OSO_CT · wall_segment Palisade Wall x1 |
| 9:56 | OSO_CT · wall_segment Palisade Wall x1 |
| 9:57 | OSO_CT · wall_segment Palisade Wall x1 |
| 9:57 | OSO_CT · wall_segment Palisade Wall x1 |
| 9:58 | OSO_CT · wall_segment Palisade Wall x1 |
| 10:03 | OSO_CT · wall_segment Palisade Wall x1 |
| 10:05 | OSO_CT · wall_segment Palisade Wall x1 |
| 10:07 | OSO_CT · wall_segment Palisade Wall x1 |
| 10:09 | OSO_CT · wall_segment Palisade Wall x1 |
| 10:10 | OSO_CT · wall_segment Palisade Wall x1 |
| 10:21 | OSO_CT · wall_segment Palisade Wall x1 |
| 10:40 | OSO_CT · wall_segment Palisade Wall x1 |
| 10:42 | OSO_CT · wall_segment Palisade Wall x1 |
| 11:37 | manteldon · wall_segment Palisade Wall x1 |
| 11:37 | manteldon · wall_segment Palisade Wall x1 |
| 12:34 | OSO_CT · wall_segment Palisade Wall x7 |
| 12:38 | manteldon · wall_segment Palisade Wall x7 |
| 13:13 | manteldon · wall_segment Palisade Wall x12 |
| 13:53 | OSO_CT · first_building Stable |
| 14:34 | manteldon · wall_segment Palisade Wall x1 |
| 14:36 | manteldon · wall_segment Palisade Wall x5 |
| 14:46 | manteldon · wall_segment Palisade Wall x3 |
| 15:02 | OSO_CT · wall_segment Palisade Wall x6 |
| 15:23 | OSO_CT · wall_segment Palisade Wall x8 |
| 15:48 | OSO_CT · wall_segment Palisade Wall x1 |
| 15:59 | manteldon · wall_segment Palisade Wall x1 |
| 16:59 | OSO_CT · wall_segment Palisade Wall x4 |
| 17:41 | OSO_CT · wall_segment Palisade Wall x9 |
| 18:37 | manteldon · wall_segment Palisade Wall x1 |
| 19:38 | manteldon · first_building Stable |
| 21:42 | manteldon · age_up castle |
| 21:51 | OSO_CT · age_up castle |
| 22:37 | OSO_CT · first_building Siege Workshop |
| 26:03 | manteldon · first_building Monastery |
| 26:32 | OSO_CT · first_building Monastery |
| 27:04 | manteldon · first_building Siege Workshop |
| 32:38 | manteldon · first_building Castle |
| 33:41 | OSO_CT · age_up imperial |
| 34:31 | OSO_CT · first_building Castle |
| 36:13 | OSO_CT · first_market_buy 100 stone |
| 37:15 | manteldon · age_up imperial |
| 38:07 | OSO_CT · first_market_sell 100 wood |
| 39:57 | manteldon · wall_segment Palisade Wall x1 |
| 46:24 | manteldon · first_market_sell 100 wood |
| 50:42 | manteldon · resign |
[ AI ANALYSIS · 1 CREDIT ]
What really happened in this match?
Wolo.gg analyzes every decision: build order, eco, micro, common mistakes by bracket. Personalized analysis on WhatsApp or Discord in 30 seconds.
Civ guide
Khitans
Perfil
Jugador #5187661